cohdb
Replays
Latest Replays
All Replays
Popular Replays
Top Player Replays
Match Explorer
How It Works
Community
CoH3 Stats
Reddit
Sign in to upload your games and track your stats! →
Sign in with Steam
Match 40419687
Unlisted
Match 40419687
Overview
Messages
Build Orders
End
Royal Engineer Section
Construct Section Command Post
Selects Canadian Shock Battlegroup
Dingo Light Scout Car
Infantry Section
Vickers Machine Gun Team
Construct Platoon Command Post
Selects Attacking Spirit
Selects Canadian Shock Section
Canadian Shock Section
Unlock Bishop Self-propelled Artillery
Selects Incendiary Munitions
Grenade Package
Bishop Self-propelled Artillery
CMP 15cwt Truck
Vickers Machine Gun Team
Selects Pyrotechnics
Selects Point Assault
Point Assault
6-pounder Anti-tank Gun Team
6-pounder Anti-tank Gun Team
BloodSpark
Cons01
Sgannarel
Some_Devil
Link626
AquaFerret
Jonnies
郑凯文
0
0
Comments
sign in to comment!
No comments posted yet!